Map: Inside and Out

Players

Cham - Winner!

  • Race: Zerg Zerg
  • Spawn Location: 7:00

Has

  • Race: Protoss Protoss
  • Spawn Location: 1:00

Event: DreamHack SC2 Masters 2022 Atlanta (Offline)

VOD

Have the link to the VOD?

Description

Time

  • Played on: Nov. 18, 2022, 9 p.m.
  • Length: 14:26

All games in this series

Show
View Real Time Build Order
Export as new Build Order

Cham Zerg - Winner!

Build Orders: Hatch First, Zergling Baneling 

Get SALT Encoding   

  12  0:00  Drone  
  13  0:12  Overlord  
  13  0:17  Drone  
  14  0:30  Drone x2  
  16  0:47  Hatchery  
  15  0:51  Drone  
  15  0:54  Drone  
  17  0:57  Drone  
  18  1:12  Spawning Pool  
  18  1:15  Drone  
  18  1:18  Extractor  
  18  1:20  Drone  
  18  1:33  Drone  
  19  1:50  Drone  
  20  1:57  Drone  
  20  2:00  Queen x2  
  25  2:02  Drone x2  
  27  2:11  Drone  
  27  2:12  Overlord  
  28  2:30  Drone  
  28  2:32  Drone x3  
  32  2:39  Hatchery  
  32  2:41  Metabolic Boost  
  31  2:48  Queen  
  33  2:51  Overlord  
  33  2:54  Drone  
  34  2:59  Drone  
  34  3:05  Overlord  
  35  3:09  Queen  
  35  3:10  Drone  
  35  3:11  Drone x2  
  40  3:13  Drone  
  40  3:15  Drone  
  40  3:17  Drone  
  43  3:20  Overlord  
  43  3:29  Baneling Nest, Drone  
  43  3:31  Drone x3  
  46  3:39  Drone  
  46  3:40  Overlord  
  46  3:41  Zergling x6  
  49  3:45  Zergling x4  
  52  3:53  Zergling x4  
  52  3:55  Zergling x2  
  55  4:02  Overlord  
  55  4:03  Zergling x2  
  55  4:06  Zergling x2  
  55  4:08  Spore Crawler  
  55  4:09  Spore Crawler  
  55  4:10  Spore Crawler  
  55  4:12  Overlord  
  55  4:16  Zergling x8  
  58  4:19  Zergling x2  
  58  4:23  Zergling x6  
  62  4:24  Baneling  
  62  4:25  Baneling x5  
  62  4:29  Overlord  
  62  4:30  Overlord  
  62  4:35  Zergling x4  
  62  4:36  Baneling  
  64  4:39  Zergling x2  
  64  4:41  Zergling x2  
  66  4:48  Roach Warren  
  66  4:50  Zergling x10  
  66  4:51  Extractor  
  69  4:56  Baneling x2  
  69  5:06  Drone  
  72  5:07  Drone x7  
  72  5:10  Overlord  
  72  5:11  Extractor  
  74  5:22  Overlord  
  74  5:25  Drone x2  
  74  5:27  Overlord  
  76  5:30  Roach x3  
  76  5:33  Roach  
  84  5:37  Roach x2  
  84  5:40  Baneling x3  
  88  5:46  Baneling  
  88  5:51  Zergling x2  
  88  5:52  Zergling x12  
  94  6:01  Zergling x2  
  94  6:02  Zergling x8  
  97  6:06  Zergling x8  
  97  6:09  Overlord  
  91  6:19  Lair  
  91  6:21  Baneling x3  
  91  6:22  Baneling x3  
  91  6:24  Drone x2  
  91  6:25  Zergling x4, Drone  
  96  6:27  Zergling x2  
  96  6:29  Zergling x2  
  96  6:31  Baneling x2  
  96  6:32  Baneling  
  89  6:44  Zergling x8, Drone x3  
  92  6:50  Zergling x8  
  91  6:58  Overlord  
  91  6:59  Roach x2  
  91  7:00  Zergling x4  
  97  7:03  Baneling  
  97  7:04  Baneling x7  
  97  7:07  Roach  
  99  7:09  Roach  
  99  7:15  Roach x2  
  104  7:16  Roach  
  102  7:23  Baneling x2  
  102  7:24  Baneling, Drone x3  
  102  7:25  Overlord  
  102  7:27  Roach  
  107  7:35  Zergling x2, Roach x3  
  113  7:40  Zergling x2  
  108  7:50  Roach x2  
  108  7:51  Roach x3  
  116  7:55  Zergling x4  
  118  8:00  Glial Reconstitution  
  118  8:01  Overlord x3  
  118  8:02  Overlord  
  118  8:05  Extractor  
  118  8:07  Zergling x2  
  118  8:08  Zergling x2  
  119  8:14  Baneling x2  
  119  8:15  Zergling x8  
  119  8:18  Baneling  
  119  8:19  Baneling  
  121  8:20  Zergling x2  
  121  8:34  Roach x6  
  130  8:42  Roach x4  
  130  8:44  Roach x2  
  130  8:45  Zergling x4  
  130  8:48  Roach  
  139  8:58  Roach x5  
  139  9:01  Zergling x2  
  135  9:07  Roach  
  135  9:08  Zergling x2, Roach x3  
  135  9:09  Zergling x6  
  146  9:15  Evolution Chamber  
  145  9:20  Roach x3  
  144  9:29  Roach x2  
  131  9:32  Roach  
  131  9:36  Roach x2  
  131  9:38  Zergling x4  
  137  9:40  Roach x2  
  137  9:42  Roach  
  141  9:50  Roach x3  
  141  9:51  Roach  
  126  9:55  Roach x2  
  126  9:56  Roach x2  
  129  10:00  Roach  
  129  10:03  Roach x2  
  129  10:04  Roach x3  
  139  10:07  Roach  
  139  10:09  Roach  
  139  10:13  Roach  
  142  10:15  Roach  
  143  10:25  Roach x2  
  146  10:29  Zerg Missile Weapons Level 1  
  146  10:34  Zergling x2, Roach x2  
  151  10:38  Roach  
  154  10:42  Roach  
  154  10:45  Zergling x12  
  156  10:50  Roach  
  156  10:55  Roach x2  
  161  11:01  Overseer  
  156  11:06  Hatchery  
  156  11:10  Roach  
  137  11:13  Roach  
  137  11:14  Roach x6  
  146  11:19  Drone x2  
  146  11:24  Roach x2  
  147  11:30  Roach  
  147  11:31  Roach  
  128  11:33  Roach  
  128  11:35  Roach  
  132  11:41  Baneling x2  
  132  11:42  Baneling, Roach x2  
  132  11:45  Roach  
  135  11:53  Roach x2  
  135  11:54  Roach  
  132  11:57  Roach  
  132  12:04  Roach x3  
  132  12:06  Roach  
  138  12:17  Roach x4  
  138  12:22  Roach x2  
  149  12:25  Roach  
  149  12:29  Roach  
  139  12:30  Roach  
  139  12:33  Roach  
  131  12:37  Roach  
  131  12:41  Roach x2  
  131  12:43  Roach  
  135  12:46  Roach  
  135  12:51  Roach x2  
  139  12:53  Roach  
  139  12:56  Roach  
  139  12:59  Roach  
  139  13:04  Roach  
  139  13:05  Roach  
  139  13:06  Roach  
  139  13:15  Roach x2  
  135  13:33  Roach x6  
  135  13:34  Roach x2  
  149  13:40  Roach x3  
  140  13:44  Overlord  
  140  13:47  Roach  
  131  13:59  Roach x2  
  127  14:07  Roach x2  
Show
View Real Time Build Order
Export as new Build Order

Has Protoss 

Build Orders: 1 Gate Expand 

Get SALT Encoding   

  12  0:00  Probe  
  13  0:12  Probe  
  14  0:18  Pylon  
  14  0:24  Probe (Chrono Boost)  
  15  0:37  Gateway  
  15  0:38  Probe (Chrono Boost)  
  16  0:43  Probe (Chrono Boost)  
  16  0:47  Assimilator  
  17  0:55  Probe  
  18  1:02  Forge  
  18  1:07  Probe  
  19  1:19  Probe  
  20  1:32  Probe  
  21  1:40  Pylon  
  21  1:42  Nexus  
  21  1:47  Cybernetics Core  
  21  1:48  Probe  
  22  1:57  Assimilator  
  22  1:59  Pylon  
  22  2:00  Probe  
  23  2:17  Probe  
  23  2:21  Stalker (Chrono Boost)  
  24  2:23  Robotics Facility  
  24  2:29  Probe  
  27  2:30  Warp Gate  
  27  2:41  Probe  
  28  2:53  Probe (Chrono Boost)  
  28  2:56  Probe (Chrono Boost)  
  30  3:03  Gateway  
  30  3:04  Probe (Chrono Boost)  
  32  3:05  Probe (Chrono Boost)  
  32  3:09  Probe (Chrono Boost)  
  32  3:11  Probe (Chrono Boost)  
  33  3:13  Robotics Bay  
  33  3:16  Gateway  
  34  3:20  Twilight Council  
  34  3:23  Probe  
  34  3:26  Probe  
  36  3:31  Warp Prism (Chrono Boost)  
  36  3:37  Probe  
  36  3:38  Probe  
  40  3:43  Pylon  
  42  3:57  Charge  
  42  3:58  Disruptor (Chrono Boost)  
  43  4:09  Gateway x2  
  43  4:19  Zealot x3  
  49  4:24  Gateway  
  49  4:27  Disruptor (Chrono Boost), Gateway  
  52  4:42  Pylon x2  
  52  4:54  Warp Prism (Chrono Boost)  
  54  5:06  Zealot x2  
  58  5:07  Zealot x3  
  58  5:12  Pylon  
  64  5:14  Pylon  
  64  5:27  Zealot x2  
  68  5:31  Zealot x5  
  78  5:47  Pylon  
  78  6:01  Zealot x4  
  74  6:06  Zealot x4  
  74  6:07  Zealot x3  
  61  6:29  Zealot x7  
  75  6:35  Probe x2, Pylon  
  61  6:53  Zealot x3  
  61  6:54  Zealot x4  
  59  6:58  Disruptor (Chrono Boost)  
  66  7:03  Probe  
  66  7:04  Probe  
  68  7:09  Pylon  
  64  7:25  Nexus, Probe x2  
  64  7:29  Pylon  
  68  7:31  Observer (Chrono Boost)  
  61  7:46  Zealot x2  
  61  7:47  Zealot x5  
  61  7:50  Probe x2  
  69  7:52  Shield Battery  
  69  7:55  Disruptor (Chrono Boost)  
  69  7:57  Pylon  
  74  8:10  Zealot x3  
  78  8:13  Zealot x2  
  82  8:24  Warp Prism  
  82  8:38  Dark Shrine  
  76  8:42  Zealot x5  
  76  8:43  Zealot x2  
  74  9:07  Zealot x7  
  86  9:27  Disruptor  
  73  9:33  Stalker x4  
  73  9:34  Zealot x3  
  83  9:57  Zealot x7  
  93  10:19  Dark Templar  
  93  10:35  Zealot x4  
  99  10:44  Disruptor  
  102  11:07  Zealot x5  
  108  11:19  Disruptor  
  105  11:37  Zealot x5  
  115  11:41  Gateway  
  115  11:43  Gateway  
  114  11:53  Disruptor (Chrono Boost)  
  104  12:18  Zealot x3  
  80  12:38  Zealot x4  
  80  12:39  Stalker x3  
  77  12:59  Disruptor (Chrono Boost)  
  80  13:07  Zealot  
  80  13:08  Zealot x6  
  94  13:28  Dark Templar x2  
  84  13:45  Zealot  
  84  13:46  Zealot x3  
  79  13:48  Archon  
  79  14:06  Zealot  
  79  14:07  Zealot x5  
Tags
 
Add a new tag
Caveats
  • Supply blocks, unpowered buildings, or Contaminate may cause inaccurate times.
  • Supply counts are checked every 10 seconds.